 Dungeon Crawl Stone Soup version 0.31.0-9-g3a7656b989 (webtiles) character file.

Game seed: 6828133842935603031

14 qw the Shooter (level 2, -1/16 HPs)
             Began as a Deep Elf Hunter on Feb 2, 2024.
             Succumbed to their own poison gas
             ... on level 1 of the Dungeon.
             The game lasted 00:00:01 (828 turns).

qw the Shooter (Deep Elf Hunter)                     Turns: 828, Time: 00:00:02

Health: -1/16      AC:  5    Str:  8    XL:     2   Next: 27%
Magic:  4/4        EV: 12    Int: 13    God:
Gold:   29         SH:  0    Dex: 18    Spells: 1/1 levels left

rFire   . . .        a - +1 shortbow
rCold   . . .        (shield currently unavailable)
rNeg    . . .        c - +0 leather armour
rPois   .            g - +1 helmet
rElec   .            (no cloak)
rCorr   .            (no gloves)
SInv    .            (no boots)
Will    .....        (no amulet)
Stlth   ++           (no ring)
HPRegen 0.22/turn    (no ring)
MPRegen 0.09/turn

%: no passive effects
@: lethally poisoned (-1 -> -7)
A: no striking features
a: no special abilities


You were on level 1 of the Dungeon.
You visited 1 branch of the dungeon, and saw 1 of its levels.

You collected 29 gold pieces.


   Skills:
 - Level 1.5 Fighting
 + Level 6.1 Ranged Weapons
 - Level 2.4 Dodging
 - Level 1.2 Stealth


You had one spell level left.
You didn't know any spells.
Your spell library was empty.

Inventory:

Hand Weapons
 a - a +1 shortbow (weapon)
Armour
 c - a +0 leather armour (worn)
 g - a +1 helmet (worn)
Potions
 j - a potion of curing {unknown}

Dungeon Overview and Level Annotations

Branches:
Dungeon (1/15)

Altars:


Message History

As you read the scroll labelled HUFFA ZOFEULU, it crumbles to dust.
It is a scroll of enchant weapon.
821 ||| ENCHANTING +0 shortbow.
Your +0 shortbow glows red for a moment.
Done exploring.
822 ||| READING scroll labelled CAHACH DURU.
As you read the scroll labelled CAHACH DURU, it dissolves into smoke.
It was a scroll of fog.
Done exploring.
823 ||| READING scroll labelled MUS RAOT ULAWN.
As you read the scroll labelled MUS RAOT ULAWN, it crumbles to dust.
It is a scroll of enchant armour.
823 ||| ENCHANTING +0 helmet.
Your +0 helmet glows green for a moment.
Done exploring.
824 ||| DROPPING scroll of butterflies.
You drop a scroll of butterflies.
Done exploring.
What level of the Dungeon? (default 1, ? - help) Sorry, I don't know how to get there.
Enter note:
Enter note:
Enter note:
Enter note:
Enter note:
Enter note:
Enter note:
Enter note:
Enter note:
Enter note:
Enter note:
Enter note: You are engulfed in poison gas.
You are poisoned.
Ouch! That really hurt!
You feel very sick.
826 ||| Stepping ~*~*~tactically~*~*~ (cloud).
You feel sick.
You see here a scroll of butterflies.
There is a lethal amount of poison in your body!
You feel sick.
There is a lethal amount of poison in your body!
You die...

##'## ##>## ##'##
##...######...######...##
#.......................#
#..}........}........}..#
#.......................#
##...######...######...##
##### #####0##### #####
##0¤0000¤0.##
#0@7..<..7..#
##¤¤0¤00¤¤.## ###########


There were no monsters in sight!

Vanquished Creatures
  2 endoplasms (D:1)
  2 giant cockroaches (D:1)
  A kobold (D:1)
  2 ball pythons (D:1)
  A bat (D:1)
  A frilled lizard (D:1)
  A goblin (D:1)
  5 rats (D:1)
15 creatures vanquished.

Notes
Turn   | Place    | Note
-------+----------+-------------------------------------------
     0 | D:1      | qw the Deep Elf Hunter began the quest for the Orb.
     0 | D:1      | Reached XP level 1. HP: 12/12 MP: 3/3
     0 | D:1      | 0 ||| qw: Version: 0.3-a-155-g5e7d8dd
     0 | D:1      | 0 ||| qw: Game counter: 421
     0 | D:1      | 0 ||| qw: Melee chars always use a shield: true
     0 | D:1      | 0 ||| qw: God list: Okawaru
     0 | D:1      | 0 ||| qw: Allow faded altars: false
     0 | D:1      | 0 ||| qw: Do Orc after clearing Dungeon:15 true
     0 | D:1      | 0 ||| qw: Do second Lair branch before Depths: true
     0 | D:1      | 0 ||| qw: Lair rune preference: random
     0 | D:1      | 0 ||| qw: Goals: Normal
     0 | D:1      | 0 ||| PLANNING D:1-11
   284 | D:1      | Reached XP level 2. HP: 16/16 MP: 4/4
   304 | D:1      | Reached skill level 6 in Ranged Weapons
   714 | D:1      | 714 ||| UPGRADING to +0 helmet.
   719 | D:1      | 719 ||| READING scroll labelled PIPUIF PULAST.
   820 | D:1      | 820 ||| READING scroll labelled QORHEM NUG XIG.
   821 | D:1      | 821 ||| READING scroll labelled HUFFA ZOFEULU.
   821 | D:1      | 821 ||| ENCHANTING +0 shortbow.
   822 | D:1      | 822 ||| READING scroll labelled CAHACH DURU.
   823 | D:1      | 823 ||| READING scroll labelled MUS RAOT ULAWN.
   823 | D:1      | 823 ||| ENCHANTING +0 helmet.
   824 | D:1      | 824 ||| DROPPING scroll of butterflies.
   825 | D:1      | HP: 4/16 [poisoned by you (poison gas)]
   826 | D:1      | 826 ||| Stepping ~*~*~tactically~*~*~ (cloud).
   827 | D:1      | HP: 1/16 [poisoned by you (poison gas)]
   828 | D:1      | Succumbed to their own poison gas

Levels and vault maps discovered:
D:1:      minmay_arrival_split_and_join, layout_basic

Skill      XL: |  1  2 |
---------------+-------+-----
Ranged Weapons | 6 |  6.1
Fighting       | |  1.5
Dodging        | |  2.4
Stealth        | |  1.2

Action                     || total
---------------------------++-------
   Fire: Shortbow          ||    32
    Use: Scroll            ||     5
 Armour: Leather armour    ||     3
  Dodge: Dodged            ||     3

Table legend:
 A = Non-vault XP
 B = Vault XP
 C = Vault XP percentage of total XP
 D = Non-vault monster count
 E = Vault monster count
 F = Vault count percentage of total count
                 A         B        C        D         E       F
            +---------+---------+-------+---------+---------+-------
      Total |      20 |       0 |   0.0 |      15 |       0 |   0.0
            +---------+---------+-------+---------+---------+-------
        D:1 |      20 |       0 |   0.0 |      15 |       0 |   0.0
            +---------+---------+-------+---------+---------+-------
